 Dungeon Sprint DCSS version 0.30.1-11-g7821555f0a (webtiles) character file.

Game seed: 9006238216952951260

170 Groucho the Geomancer (level 5, -8/28 HPs)
             Began as a Deep Elf Earth Elementalist on Jan 5, 2024.
             Was a Priest of Sif Muna.
             Shot with an arrow by a centaur (15 damage)
             ... in the Dungeon (Sprint VII: "The Pits").
             The game lasted 00:02:47 (1020 turns).

Groucho the Geomancer (Deep Elf Earth Elementalist) Turns: 1020, Time: 00:02:48

Health: -8/28      AC:  2    Str:  5    XL:     5   Next: 25%
Magic:  17/17      EV: 12    Int: 22    God:    Sif Muna [***...]
Gold:   0          SH:  0    Dex: 15    Spells: 16/20 levels left

rFire   . . .        c - +2 dagger
rCold   . . .        (no shield)
rNeg    . . .        a - +0 robe
rPois   .            (no helmet)
rElec   .            (no cloak)
rCorr   .            (no gloves)
SInv    .            (no boots)
Will    .....        (no amulet)
Stlth   ++           (no ring)
HPRegen 0.24/turn    (no ring)
MPRegen 0.15/turn

%: no teleportation
@: invisible
A: no striking features
a: Renounce Religion, Channel Magic, Forget Spell


You were in the Dungeon.
You worshipped Sif Muna.
Sif Muna was most pleased with you.
You visited 1 branch

Inventory:

Hand Weapons
 c - a +2 dagger (weapon)
Armour
 a - a +0 robe (worn)
Scrolls
 g - a scroll of blinking
 h - 5 scrolls of amnesia
 i - a scroll of butterflies
Potions
 b - 5 potions of magic
 d - 4 potions of heal wounds
 e - a potion of invisibility
 f - 3 potions of berserk rage
 j - 5 potions of curing


   Skills:
 - Level 2.4 Dodging
 - Level 2.4 Stealth
 + Level 8.0 Spellcasting
 + Level 4.3 Conjurations
 - Level 1.1 Transmutations
 + Level 8.2 Earth Magic
 + Level 4.3 Invocations


You had 16 spell levels left.
You knew the following spells:

 Your Spells              Type           Power      Damage    Failure   Level
a - Sandblast             Erth           90%        2d19      1%          1
b - Stone Arrow           Conj/Erth      72%        3d11      1%          3

Your spell library contained the following spells:

 Spells                   Type           Power      Damage    Failure   Level
 Passwall                 Tmut/Erth      24%        N/A       1%          2
 Petrify                  Tmut/Erth      29%        N/A       11%         4


Dungeon Overview and Level Annotations

Branches:
Dungeon (1/1)

Altars:
Ashenzari
Cheibriados
Dithmenos
Elyvilon
Fedhas
Gozag
Hepliaklqana
Kikubaaqudgha
Makhleb
Nemelex Xobeh
Okawaru
Qazlal
Ru
Sif Muna
Trog
Uskayaw
Vehumet
Wu Jian
Xom
Yredelemnul
Zin
The Shining One
Jiyva
Lugonu


Message History

Your Invocations skill gained 2 levels and is now at level 3!
Unknown command.
Casting: Sandblast (safe; 1% risk of failure)
Confirm with . or Enter, or press ? or * to list all spells.
Aiming: Sandblast (safe; 1% risk of failure)
Press: ? - help, Shift-Dir - straight line, f - crimson imp
Aim: a crimson imp (heavily wounded, 77% to hit)
The blast of sand hits the crimson imp!
You kill the crimson imp!
Sif Muna accepts your kill.
Your Spellcasting skill increases to level 8!
Your Conjurations skill increases to level 4!
Your Earth Magic skill increases to level 8!
Your Invocations skill increases to level 4!
You have reached level 5!
You start resting.
Magic restored.
You start resting.
HP restored.
You see here a bullfrog corpse.
There is an open door here.
Things that are here:
a +0 dagger; a goblin corpse
There is an open door here.
A mummy comes into view.
A centaur comes into view.
There is an open door here.
The centaur shouts!
The centaur wields a +0 shortbow.
The centaur shoots an arrow.
The arrow hits you.
The centaur shoots an arrow.
The arrow hits you.
The centaur shoots an arrow.
The arrow hits you!
* * * LOW HITPOINT WARNING * * *
You feel much better.
The centaur shoots an arrow.
The arrow hits you!
The centaur shoots an arrow.
The arrow barely misses you.
You fade into invisibility!
The centaur shoots an arrow.
The arrow hits you!
* * * LOW HITPOINT WARNING * * *
The centaur shoots an arrow.
The arrow hits you!
Ouch! That really hurt!
You die...

_______...#######
##########'##.....
#.?(.')))'.##.....
##########.##.....
#..†........+.s...
#)#####)#####.....
#.#..#..#..##.....
#.#÷.)).').#####'#
#@##'####+###.....
#.#........##.....
#.#........##.....
#.#####'#####...<.
#.#...)))[.##.....
#.#...)))[.##.....
#'###########.....
#c......# ######
#..#.#..#


You could see a centaur (unable to see you).

Vanquished Creatures
  A bullfrog (D)
  A crimson imp (D)
  A hound (D)
  A gnoll (D)
  An adder (D)
  A river rat (D)
  A white imp (D)
  An orc (D)
  A giant cockroach (D)
  A goblin (D)
  A ball python (D)
  2 kobolds (D)
13 creatures vanquished.

Notes
Turn   | Place    | Note
-------+----------+-------------------------------------------
     0 | D        | Groucho the Deep Elf Earth Elementalist began the quest for
                  | the Orb.
     0 | D        | Reached XP level 1. HP: 10/10 MP: 6/6
    11 | D        | Noticed a scorpion
    69 | D        | Found a glowing golden altar of the Shining One.
    69 | D        | Found a glowing silver altar of Zin.
    69 | D        | Found a basalt altar of Yredelemnul.
    69 | D        | Found a shimmering altar of Xom.
    69 | D        | Found an ornate altar of the Wu Jian Council.
    69 | D        | Found a bloodstained altar of Trog.
    69 | D        | Found a shimmering blue altar of Sif Muna.
    69 | D        | Found a sacrificial altar of Ru.
    69 | D        | Found a stormy altar of Qazlal.
    69 | D        | Found an iron altar of Okawaru.
    69 | D        | Found a sparkling altar of Nemelex Xobeh.
    69 | D        | Found a burning altar of Makhleb.
    69 | D        | Found a viscous altar of Jiyva.
    69 | D        | Found a hazy altar of Hepliaklqana.
    69 | D        | Found an opulent altar of Gozag.
    69 | D        | Found a blossoming altar of Fedhas.
    69 | D        | Found a white marble altar of Elyvilon.
    69 | D        | Found a shadowy altar of Dithmenos.
    69 | D        | Found a snail-covered altar of Cheibriados.
    70 | D        | Found a radiant altar of Vehumet.
    70 | D        | Found a corrupted altar of Lugonu.
    71 | D        | Found an ancient bone altar of Kikubaaqudgha.
    71 | D        | Found a hide-covered altar of Uskayaw.
    71 | D        | Found a broken altar of Ashenzari.
    72 | D        | Became a worshipper of Sif Muna the Loreminder
    84 | D        | Reached skill level 5 in Earth Magic
    84 | D        | Reached XP level 2. HP: 15/15 MP: 3/9
   339 | D        | Reached * piety under Sif Muna
   506 | D        | Reached skill level 5 in Spellcasting
   634 | D        | Reached ** piety under Sif Muna
   635 | D        | Reached XP level 3. HP: 13/19 MP: 8/11
   846 | D        | Learned a level 3 spell: Stone Arrow
   909 | D        | Noticed a bullfrog
   919 | D        | Reached *** piety under Sif Muna
   920 | D        | Reached skill level 1 in Conjurations
   920 | D        | Reached skill level 1 in Invocations
   920 | D        | Reached XP level 4. HP: 18/24 MP: 12/14
   926 | D        | Killed a bullfrog
   928 | D        | Reached XP level 5. HP: 11/28 MP: 7/17
  1010 | D        | Noticed a centaur
  1020 | D        | Shot with an arrow by a centaur

Illustrated notes

Levels and vault maps discovered:
D:        pitsprint [storerooms_1, entrance_room_1, metal_vault_4, armoury_3,
          mini_pit_1, grid_room_1, main_hall_1, silver_pit, the_coven_3,
          the_vestibule_1, steel_vault_2, golden_pit, hallway_of_sentries,
          crystal_vault_1, iron_vault_1, final_vault]

Skill      XL: |  1  2  3  4 |
---------------+-------------+-----
Spellcasting   | 4 5 6 8 |  8.0
Earth Magic    | 5 6 7 8 |  8.2
Conjurations   | 1 4 |  4.3
Invocations    | 1 4 |  4.3
Dodging        | |  2.4
Stealth        | |  2.4
Transmutations | |  1.1

Action                     |  1- 3 |  4- 6 || total
---------------------------+-------+-------++-------
   Cast: Sandblast         |    20 |     6 ||    26
    Use: Potion            |     3 |     2 ||     5
 Armour: Robe              |     2 |       ||     2
  Dodge: Dodged            |    17 |     2 ||    19
